 Dungeon Crawl Stone Soup version 0.27-a0-1302-g7736ffe575 (webtiles) character file.

Game seed: 6613935057209324959

39 Anselmus the Digger (level 3, -1/20 HPs)
             Began as a Gargoyle Earth Elementalist on June 18, 2021.
             Slain by a goblin (3 damage)
             ... led by Robin
             ... on level 1 of the Dungeon.
             The game lasted 00:03:47 (1837 turns).

Anselmus the Digger (Gargoyle Earth Elementalist)   Turns: 1837, Time: 00:03:47

Health: -1/20      AC:  5    Str: 11    XL:     3   Next: 47%
Magic:  5/6        EV: 11    Int: 16    God:
Gold:   19         SH:  0    Dex: 10    Spells: 1/7 levels left

rFire    . . .     SeeInvis .   f - +0 dagger
rCold    . . .     Faith    .   (no shield)
rNeg     + . .     Spirit   .   b - +0 robe
rPois    ∞         Reflect  .   (no helmet)
rElec    +         Harm     .   (no cloak)
rCorr    .         Rampage  .   (no gloves)
Will     .....                  (no boots)
Stlth    ++........             (no amulet)
HPRegen  0.06/turn              (no ring)
MPRegen  0.10/turn              (no ring)

@: no status effects
A: sickness immunity, AC +3, negative energy resistance 1, electricity
resistance, torment resistance 1, petrification resistance
a: no special abilities


You were on level 1 of the Dungeon.
You visited 1 branch of the dungeon, and saw 2 of its levels.

You collected 19 gold pieces.

Inventory:

Hand Weapons
 f - a +0 dagger (weapon)
Missiles
 c - 57 stones
Armour
 b - a +0 robe (worn)
Potions
 a - 2 potions of lignification {unknown}
 d - a potion of haste {unknown}
 g - a potion of ambrosia {unknown}


   Skills:
 * Level 1.0 Fighting
 - Level 1.5 Dodging
 + Level 2.1 Stealth
 + Level 0.5 Unarmed Combat
 + Level 2.5 Spellcasting
 + Level 0.8 Transmutations
 + Level 4.3 Earth Magic


You had one spell level left.
You knew the following spells:

 Your Spells              Type           Power      Damage    Failure   Level
a - Sandblast             Erth           32%        2d9       3%          1
b - Passwall              Tmut/Erth      8%         N/A       10%         2
c - Stone Arrow           Conj/Erth      18%        3d8       24%         3

Your spell library contained the following spells:

 Spells                   Type           Power      Damage    Failure   Level
 Petrify                  Tmut/Erth      10%        N/A       54%         4
 Lee's Rapid Deconstruct  Erth           8%         3d8*      65%         5


Dungeon Overview and Level Annotations

Branches:
Dungeon (2/15)

Altars:

Shops:
D:1 *

Annotations:
D:2 Robin


Innate Abilities, Weirdness & Mutations

You are immune to sickness and miasma.
Your stone body is resilient. (AC +3)
You are immune to poison.
You resist negative energy. (rN+)
You are resistant to electric shocks. (rElec)
You are resistant to unholy torment.
You are immune to petrification.


Message History

You hear a shout!
You hit the dart slug but do no damage.
The dart slug is severely wounded.
You hear a shout! x2
The dart slug bites you.
A goblin comes into view. It is wielding a +0 club.
You are too injured to fight recklessly!
Aiming: Sandblast (safe; 3% risk of failure)
Press: ? - help, Q - select action, (/) - cycle Shift-Dir - straight line, f - dart slug
Aim: a dart slug (severely wounded, 100% to hit)
The blast of sand hits the dart slug!
You kill the dart slug!
The goblin shoots a stone.
The stone barely misses you.
A goblin comes into view. It is wielding a +0 dagger.
Robin of the Strong Arm comes into view.
They are wielding a +0 falchion.
Robin throws the goblin at you! The goblin closely misses you.
The goblin shoots a stone.
The stone hits you.
Robin roars a battlecry!
The goblins go into a battle-frenzy!
You hear a shout!
The goblin barely misses you.
There is a stone staircase leading up here.
The goblin barely misses you.
The goblin unwields a +0 hunting sling.
The goblin wields a +0 club.
The goblin hits you but does no damage. The goblin closely misses you.
You climb upwards.
There is a stone staircase leading down here.
Aiming: Sandblast (safe; 3% risk of failure)
Press: ? - help, Q - select action, (/) - cycle Shift-Dir - straight line, f - goblin
Aim: a goblin, wielding a +0 dagger (strong, 74% to hit)
The blast of sand hits the goblin!
You kill the goblin!
The goblin hits you with a +0 club.
* * * LOW HITPOINT WARNING * * *
The goblin barely misses you.
As you read the scroll labelled VATESM USUC, it crumbles to dust.
You feel a surge of unholy energy.
The goblin convulses! x2
It was a scroll of torment.
The goblin hits you but does no damage. The goblin hits you with a +0 club.
You die...

#.# ##>.∩##.# #.###. #.#
#....##.# #.###. #.# #....##.#
#..... #.# #.......# #####. #.#
###......############.
#######.###..................##.
##...........#......#########.##.
.........#####.gg...# #.###
###.####.# ###@#### #.# # #...#
#÷## #)# #.# #.### #..# #.# #.#
#########.######### #.#
#......#.#.#.....# #.#
#.####.#.#.#.###.# ##.##
##.#..#.#.#.#...#.# ##...##
.#.##.#.#.#.#####.# #####.....#
.#....#.#.#.......### #..........


You could see 2 goblins.

Vanquished Creatures
  A dart slug (D:2)
  3 endoplasms (D:1)
  5 giant cockroaches (D:1)
  3 goblins (D:1)
  3 hobgoblins
  3 jackals (D:1)
  A kobold (D:1)
  3 quokkas (D:1)
  A ball python (D:1)
  2 bats (D:1)
  5 frilled lizards (D:1)
  4 rats (D:1)
34 creatures vanquished.

Notes
Turn   | Place    | Note
-------+----------+-------------------------------------------
     0 | D:1      | Anselmus the Gargoyle Earth Elementalist began the quest
                  | for the Orb.
     0 | D:1      | Reached XP level 1. HP: 10/10 MP: 3/3
   306 | D:1      | Reached XP level 2. HP: 15/15 MP: 3/5
   427 | D:1      | Reached skill level 4 in Earth Magic
  1045 | D:1      | Reached XP level 3. HP: 6/20 MP: 0/6
  1275 | D:1      | Learned a level 2 spell: Passwall
  1312 | D:1      | Reached skill level 1 in Fighting
  1349 | D:1      | Found Siekh's General Store.
  1763 | D:1      | Learned a level 3 spell: Stone Arrow
  1830 | D:2      | Noticed Robin
  1836 | D:1      | HP: 1/20 [goblin[Robin] (6)]
  1837 | D:1      | Slain by a goblin

Illustrated notes

Levels and vault maps discovered:
D:1:      matt_arrival_spirals, layout_loops_ring, serial_shops, shop,
          minmay_worlds_worst_comb
D:2:      layout_basic, uniq_robin

Skill      XL: |  1  2  3 |
---------------+----------+-----
Earth Magic    | 4 |  4.3
Fighting       | 1 |  1.0
Dodging        | |  1.5
Stealth        | |  2.1
Unarmed Combat | |  0.5
Spellcasting   | |  2.5
Transmutations | |  0.8

Action                   || total
-------------------------++-------
Melee: Unarmed           ||    91
       Dagger            ||    40
 Cast: Sandblast         ||    30
  Use: Scroll            ||     1
Armor: Robe              ||    48
Dodge: Dodged            ||   101

Table legend: (Time is in decaauts)
 A = Elapsed time spent in this place.
 B = Non-inter-level travel time spent in this place.
 C = Inter-level travel time spent in this place.
 D = Time resting spent in this place.
 E = Time spent auto-exploring this place.
 F = Levels seen in this place.
 G = Mean time per level.
                   A        B        C        D        E       F      G
               +--------+--------+--------+--------+--------+-----+--------+
         Total |   1836 |   1802 |     34 |    246 |   1283 |   2 |  918.0 |
       Dungeon |   1836 |   1802 |     34 |    246 |   1283 |   2 |  918.0 |
               +--------+--------+--------+--------+--------+-----+--------+

Top non-repeatable levels by time:
     D:1: 1800 daAuts
     D:2: 36 daAuts
